Map: Efflorescence LE

Players

Nigrnog

  • Race: Zerg Zerg
  • League: Gold
  • Spawn Location: 6:00

MooEsqoo

  • Race: Protoss Protoss
  • Spawn Location: 9:00

Zeratyl - Winner!

  • Race: Zerg Zerg
  • League: Silver
  • Spawn Location: 12:00

KoTEvTapKe - Winner!

  • Race: Zerg Zerg
  • League: Gold
  • Spawn Location: 3:00

VOD

Have the link to the VOD?

Description

Time

  • Played on: Jan. 14, 2020, 8:58 a.m.
  • Length: 11:49
Show
View Real Time Build Order
Export as new Build Order

Nigrnog Zerg 

Build Orders: Hatch First 

Get SALT Encoding   

  12  0:04  Drone  
  13  0:13  Overlord  
  13  0:22  Drone  
  14  0:31  Drone x2  
  16  0:37  Drone  
  17  1:03  Extractor  
  17  1:04  Drone x2  
  17  1:07  Hatchery  
  17  1:15  Drone  
  18  1:21  Spawning Pool  
  18  1:25  Drone  
  18  1:32  Drone  
  19  1:41  Overlord  
  20  1:54  Drone  
  20  2:18  Zergling x4  
  22  2:23  Metabolic Boost  
  22  2:25  Drone x2  
  24  2:30  Hatchery  
  24  2:32  Queen  
  25  2:44  Queen  
  27  2:53  Zergling x4  
  27  2:57  Overlord  
  29  3:00  Overlord  
  29  3:23  Baneling Nest  
  29  3:26  Roach Warren, Lair  
  27  3:30  Extractor  
  27  3:31  Drone  
  27  3:34  Drone  
  27  3:37  Drone  
  29  3:41  Drone  
  30  3:51  Queen  
  33  3:55  Drone  
  33  3:58  Drone  
  34  4:05  Drone x2  
  36  4:15  Drone x3  
  39  4:22  Overlord  
  39  4:27  Drone  
  39  4:28  Drone  
  39  4:29  Drone  
  42  4:32  Drone  
  42  4:37  Roach  
  42  4:38  Roach  
  48  4:45  Drone x2  
  48  4:51  Drone x2  
  51  4:53  Drone x3  
  54  5:00  Glial Reconstitution  
  54  5:03  Centrifical Hooks  
  54  5:07  Drone  
  54  5:08  Drone  
  54  5:11  Overlord  
  56  5:15  Roach  
  56  5:17  Roach  
  56  5:18  Roach  
  62  5:21  Overlord  
  62  5:39  Hatchery  
  61  5:45  Spire  
  60  5:52  Roach x3  
  60  5:53  Zergling x8  
  60  5:54  Hydralisk Den  
  69  6:07  Drone x6  
  69  6:08  Drone  
  69  6:09  Overlord  
  76  6:11  Overlord  
  76  6:24  Overlord x2  
  76  6:25  Overlord  
  76  6:29  Hydralisk  
  76  6:30  Hydralisk  
  76  6:31  Hydralisk  
  82  6:37  Spore Crawler  
  82  6:39  Spore Crawler  
  80  6:41  Spore Crawler  
  80  6:44  Spore Crawler  
  78  6:51  Spore Crawler  
  77  6:55  Spore Crawler  
  77  6:56  Spore Crawler  
  77  6:59  Spore Crawler  
  74  7:20  Corruptor x2  
  76  7:32  Extractor  
  76  7:35  Extractor  
  74  7:49  Extractor  
  74  7:51  Drone x6, Extractor  
  78  8:02  Spore Crawler  
  78  8:05  Spore Crawler  
  76  8:06  Spore Crawler  
  76  8:07  Spore Crawler  
  76  8:09  Zergling x12  
  76  8:10  Zergling x2  
  81  8:16  Hydralisk x2  
  81  8:17  Hydralisk  
  87  8:21  Baneling x5  
  87  8:33  Drone x2  
  89  8:36  Overlord x2  
  89  8:40  Drone  
  90  8:44  Overlord  
  90  8:53  Queen  
  92  9:03  Baneling x2  
  92  9:04  Baneling x8  
  92  9:05  Baneling x5  
  92  9:06  Baneling x2  
  92  9:08  Baneling  
  92  9:21  Grooved Spines  
  57  9:55  Zergling x16  
  57  9:56  Zergling x16  
  57  9:57  Zergling x4  
  65  10:05  Queen  
  67  10:07  Queen  
  67  10:10  Drone  
  70  10:16  Overlord  
  70  10:17  Overlord  
  63  10:30  Baneling x4  
  63  10:31  Baneling x8  
  63  10:32  Baneling x6  
  62  10:41  Queen  
  64  10:44  Drone x5  
  61  11:01  Zergling x6  
  61  11:02  Zergling x16  
  70  11:06  Hydralisk  
  72  11:19  Overlord x4  
  72  11:22  Drone x2  
Show
View Real Time Build Order
Export as new Build Order

MooEsqoo Protoss 

Build Orders: 1 Gate Expand, Oracle Opening 

Get SALT Encoding   

  12  0:02  Probe  
  13  0:18  Pylon, Probe  
  14  0:30  Probe  
  15  0:37  Gateway  
  15  0:42  Probe  
  16  0:50  Assimilator  
  16  0:54  Probe (Chrono Boost)  
  17  1:03  Probe (Chrono Boost)  
  18  1:08  Probe (Chrono Boost)  
  19  1:25  Probe  
  20  1:33  Nexus  
  20  1:45  Cybernetics Core  
  20  1:49  Pylon  
  20  1:54  Probe  
  21  2:00  Assimilator  
  21  2:06  Probe  
  22  2:23  Shield Battery  
  22  2:26  Pylon  
  22  2:27  Stalker (Chrono Boost)  
  24  2:44  Stargate  
  24  2:53  Probe x2  
  26  2:59  Stalker (Chrono Boost)  
  26  3:05  Probe x2  
  29  3:08  Warp Gate  
  29  3:12  Gateway  
  30  3:21  Probe x2  
  34  3:33  Probe x2, Oracle (Chrono Boost)  
  37  3:45  Stalker  
  37  3:46  Probe x2  
  41  3:58  Probe x2  
  41  4:02  Assimilator  
  43  4:06  Assimilator  
  43  4:10  Probe x2  
  45  4:45  Probe x2  
  47  4:57  Probe x2  
  49  5:01  Stalker x2  
  53  5:09  Pylon  
  53  5:13  Pylon  
  53  5:14  Pylon  
  53  5:16  Pylon x2  
  53  5:31  Zealot  
  53  5:32  Zealot  
  57  5:44  Robotics Facility  
  57  5:46  Forge  
  57  5:47  Twilight Council  
  57  6:01  Shield Battery, Probe x2  
  59  6:13  Probe  
  59  6:14  Probe  
  61  6:25  Photon Cannon  
  61  6:27  Protoss Ground Weapons Level 1 (Chrono Boost), Photon Cannon  
  61  6:30  Photon Cannon  
  61  6:34  Photon Cannon  
  61  6:37  Photon Cannon  
  61  6:39  Pylon  
  61  6:41  Pylon, Charge (Chrono Boost)  
  61  6:45  Immortal (Chrono Boost)  
  61  6:53  Void Ray  
  69  7:02  Templar Archives  
  69  7:05  Shield Battery  
  69  7:07  Probe x2  
  69  7:08  Photon Cannon  
  71  7:09  Stalker x2  
  75  7:17  Warp Prism  
  75  7:19  Probe x2  
  79  7:44  Void Ray  
  79  7:47  Probe x2  
  85  7:52  High Templar x2  
  85  7:53  Observer (Chrono Boost)  
  90  7:59  Probe x2, Gateway  
  90  8:01  Gateway  
  90  8:04  Gateway  
  92  8:06  Gateway  
  92  8:08  Archon  
  92  8:26  High Templar x2  
  96  8:32  Nexus  
  96  8:34  Pylon  
  96  8:38  Archon  
  96  8:43  Pylon  
  96  8:53  Shield Battery  
  96  8:54  Shield Battery  
  96  8:56  Shield Battery  
  96  8:57  Shield Battery  
  96  9:07  Stalker x2  
  96  9:08  Stalker x4  
  58  9:32  High Templar x2  
  58  9:33  High Templar x2  
  59  9:40  Zealot x2  
  59  9:44  Archon  
  59  9:45  Archon  
Show
View Real Time Build Order
Export as new Build Order

Zeratyl Zerg - Winner!

Build Orders: Hatch First 

Get SALT Encoding   

  12  0:01  Drone  
  13  0:13  Overlord  
  13  0:19  Drone  
  14  0:25  Drone, Extractor  
  14  0:31  Drone  
  16  0:56  Hatchery  
  15  1:10  Drone, Spawning Pool  
  15  1:15  Drone  
  16  1:18  Extractor  
  16  1:20  Drone  
  16  1:26  Drone  
  18  1:32  Drone  
  18  2:01  Queen  
  18  2:02  Drone  
  18  2:03  Extractor  
  18  2:04  Drone  
  18  2:07  Zergling x2  
  22  2:14  Drone, Queen  
  25  2:25  Metabolic Boost  
  25  2:29  Drone  
  26  2:30  Drone  
  26  2:32  Drone  
  28  2:47  Overlord x2  
  28  3:03  Pneumatized Carapace  
  28  3:05  Overlord  
  28  3:07  Drone  
  28  3:08  Drone  
  30  3:16  Lair  
  30  3:22  Roach Warren  
  29  3:31  Drone x2  
  29  3:33  Drone  
  32  3:38  Drone x2  
  34  3:48  Zergling x4  
  36  4:12  Roach x3  
  36  4:13  Roach x4  
  50  4:29  Overseer  
  50  4:36  Spore Crawler  
  49  4:39  Spore Crawler  
  49  4:40  Glial Reconstitution  
  48  4:46  Hydralisk Den  
  46  4:59  Drone x3  
  49  5:04  Queen  
  51  5:10  Drone  
  51  5:13  Overlord  
  52  5:15  Overlord  
  52  5:16  Overlord x2  
  52  5:37  Hydralisk x4  
  52  5:42  Drone x2  
  61  6:02  Hydralisk x2  
  61  6:03  Hydralisk x3  
  71  6:17  Hydralisk  
  71  6:18  Hydralisk x2  
  75  6:19  Roach  
  79  6:44  Hydralisk x2  
  83  6:51  Grooved Spines  
  83  6:57  Drone  
  83  6:58  Drone, Extractor  
  83  6:59  Extractor  
  83  7:01  Overlord  
  83  7:02  Overlord x4  
  83  7:15  Overlord  
  83  7:36  Roach  
  83  7:37  Hydralisk x4, Roach  
  95  7:52  Evolution Chamber  
  95  7:54  Evolution Chamber  
  95  7:57  Drone x3  
  96  8:04  Roach x3  
  102  8:29  Hydralisk x3  
  102  8:30  Hydralisk x3  
  114  8:41  Drone x2  
  114  8:42  Drone  
  114  8:44  Overseer  
  114  8:46  Muscular Augments  
  113  9:28  Hydralisk  
  113  9:29  Hydralisk x5  
  111  9:52  Hydralisk x4, Roach  
  93  9:53  Hydralisk  
  103  10:13  Roach x2  
  107  10:24  Hydralisk, Roach  
  89  11:01  Hydralisk x4, Roach  
  89  11:02  Roach x2  
  89  11:03  Roach  
  89  11:06  Overseer  
Show
View Real Time Build Order
Export as new Build Order

KoTEvTapKe Zerg - Winner!

Build Orders: Hatch First 

Get SALT Encoding   

  12  0:03  Drone  
  13  0:13  Overlord  
  13  0:19  Drone  
  14  0:48  Drone  
  14  0:49  Hatchery  
  14  0:51  Drone  
  14  0:54  Drone  
  16  1:10  Spawning Pool  
  15  1:14  Extractor  
  15  1:16  Drone  
  15  1:20  Drone  
  16  1:37  Drone  
  16  1:38  Drone  
  18  1:44  Overlord  
  18  1:57  Queen  
  20  2:02  Drone x2  
  20  2:05  Drone  
  23  2:15  Drone, Extractor  
  24  2:17  Queen  
  24  2:21  Drone  
  26  2:33  Drone  
  26  2:34  Lair  
  26  2:36  Drone  
  28  2:39  Drone  
  29  2:51  Drone  
  30  2:58  Zergling x4  
  30  2:59  Zergling x2  
  30  3:04  Drone  
  34  3:14  Drone  
  36  3:20  Drone  
  36  3:35  Spire, Drone  
  36  3:37  Extractor  
  36  3:38  Overlord  
  36  3:40  Drone  
  36  3:57  Drone x3  
  36  3:58  Drone  
  36  3:59  Drone x2  
  42  4:16  Burrow  
  42  4:26  Drone x2  
  42  4:28  Overlord x2  
  42  4:37  Queen  
  42  4:44  Spore Crawler  
  40  4:47  Drone x4  
  40  4:49  Drone x2  
  40  4:52  Mutalisk x5  
  56  5:04  Drone x2, Extractor  
  57  5:07  Spore Crawler  
  56  5:14  Drone  
  56  5:18  Overlord  
  57  5:23  Mutalisk  
  59  5:28  Zerg Flyer Weapons Level 1  
  59  5:33  Drone  
  59  5:35  Overlord  
  60  5:41  Mutalisk x2  
  64  6:00  Mutalisk x2  
  68  6:22  Hatchery  
  67  6:27  Mutalisk x2  
  67  6:28  Mutalisk  
  73  6:37  Drone x2  
  73  7:36  Mutalisk x4  
  75  7:40  Drone  
  75  7:42  Overlord x2  
  82  7:50  Zerg Flyer Armor Level 1  
  82  7:52  Spire  
  81  8:00  Queen  
  81  8:01  Infestation Pit  
  82  8:14  Drone x3  
  82  8:15  Drone x6  
  82  8:16  Drone x2  
  82  8:17  Extractor  
  82  8:18  Drone x5  
  97  8:22  Overlord x3  
  97  8:37  Extractor, Mutalisk  
  97  8:40  Overlord  
  97  8:41  Mutalisk x3  
  98  8:42  Mutalisk x2  
  103  9:35  Mutalisk x4  
  103  9:36  Mutalisk x3  
  117  9:55  Mutalisk x2  
  117  9:57  Mutalisk  
  123  10:00  Zergling x12  
  123  10:01  Zergling x2  
  123  10:02  Overlord x3  
  124  10:54  Mutalisk x6  
  124  10:55  Mutalisk x2  
  140  11:17  Mutalisk x3  
Tags
 
Add a new tag
Caveats
  • Supply blocks, unpowered buildings, or Contaminate may cause inaccurate times.
  • Supply counts are checked every 10 seconds.